 Dungeon Sprint DCSS version 0.13-a0-2776-g5b28ffd (webtiles) character file.

45 JacquesDerrida the Jinx (level 2, -2/19 HPs)
             Began as a Vampire Enchanter on Aug 25, 2013.
             Slain by a human (8 damage)
             ... in the Dungeon (Sprint III: "The Ten Rune Challenge").
             The game lasted 00:01:04 (426 turns).

JacquesDerrida the Jinx (Vampire Enchanter)          Turns: 426, Time: 00:01:04

HP  -2/19        AC  3     Str  7      XL: 2   Next: 82%
MP   1/5         EV 12     Int 17      God:
Gold 20          SH  0     Dex 14      Spells:  2 memorised,  0 levels left

Res.Fire  : . . .   See Invis. : +   a - +1 dagger {=f}
Res.Cold  : . . .   Warding    : .   b - +1 robe
Life Prot.: + . .   Conserve   : .   (no shield)
Res.Poison: .       Res.Corr.  : .   (no helmet)
Res.Elec. : .       Clarity    : .   (no cloak)
Sust.Abil.: . .     Spirit.Shd : .   (no gloves)
Res.Mut.  : .       Prev.Telep.: +   (no boots)
Res.Rott. : .       Flight     : .   (no amulet)
Saprovore : . . .                    (no ring)
                                     (no ring)

@: very slightly contaminated, not resistant to hostile enchantments, stealthy
A: fangs 3, see invisible, unbreathing
a: no special abilities


You were in the Dungeon.
You were not thirsty.

You visited 1 branch

Inventory:

Hand weapons
 a - a +1,+1 dagger (weapon) {=f}
Missiles
 d - 12 darts (quivered)
Armour
 b - a +1 robe (worn)
Scrolls
 k - a scroll of blinking
Potions
 e - a potion of blood
 f - a potion of curing
 h - a potion of speed
 i - a potion of magic
 j - a potion of berserk rage
Books
 c - a book of Maledictions

   Spells                             Type                      Level
   *Corona                            Hexes                        1
   Sure Blade                         Hexes/Charms                 2
   *Ensorcelled Hibernation           Hexes/Ice                    2
   Confuse                            Hexes                        3
   Enslavement                        Hexes                        4
   Invisibility                       Hexes                        6


   Skills:
 + Level 3.5 Short Blades
 - Level 0.7 Throwing
 - Level 2.1 Dodging
 - Level 3.0 Stealth
 - Level 1.0 Spellcasting
 * Level 8.1 Hexes


You couldn't memorise any spells.
You knew the following spells:

 Your Spells              Type           Power        Failure   Level  Hunger
a - Corona                Hex            ####...      1%          1    ##.....
b - Ensorcelled Hibernat  Hex/Ice        ##....       10%         2    ###....


Dungeon Overview and Level Annotations

Branches:
Dungeon (1/1)

Altars:


Innate Abilities, Weirdness & Mutations

You have razor-sharp teeth.
You have supernaturally acute eyesight.
You can survive without breathing.


Message History

You closely miss the human. You bite the human.
The human is heavily wounded.
The human hits you.
* * * LOW HITPOINT WARNING * * *
There is an open door here.
Drink which item? (? for menu, Esc to quit)
Magic courses through your body. The human closely misses you.
Casting: Ensorcelled Hibernation
Confirm with . or Enter, or press ? or * to list all spells.
Aiming: Ensorcelled Hibernation
Press: ? - help, Shift-Dir - straight line, f/p - human
Aim: a human (heavily wounded)
The human is unaffected.
The human barely misses you.
Casting: Ensorcelled Hibernation
Confirm with . or Enter, or press ? or * to list all spells.
Aiming: Ensorcelled Hibernation
Press: ? - help, Shift-Dir - straight line, f/p - human
Aim: a human (heavily wounded)
The human is unaffected.
The human hits you!
You die...

#### #<.# #<.#
##'####..
#.....#....≈.♣♣
#..@..#...≈≈..♣.♣.
#...@(#..≈≈≈≈...♣.+
#####'#..≈≈≈≈≈≈.♣.#
#(....#.≈≈≈≈≈≈....#
#...[.#.≈≈≈≈≈.....#
#.....#.≈≈≈.......#
#'#####...........#
#.................#
###################


You could see a human.

Vanquished Creatures
  Jessica (D)
  A grey rat (D)
  2 oozes (D)
4 creatures vanquished.

Vanquished Creatures (others)
  2 draconian scorchers (D)
2 creatures vanquished.

Grand Total: 6 creatures vanquished

Notes
Turn   | Place    | Note
--------------------------------------------------------------
     0 | D        | JacquesDerrida, the Vampire Enchanter, began the quest for the Orb.
     0 | D        | Reached XP level 1. HP: 13/13 MP: 4/4
    19 | D        | Reached skill level 5 in Hexes
   294 | D        | Killed a white draconian scorcher
   310 | D        | Noticed Jessica
   313 | D        | Killed Jessica
   313 | D        | Reached skill level 7 in Hexes
   313 | D        | Reached XP level 2. HP: 19/19 MP: 5/5
   320 | D        | Reached skill level 8 in Hexes
   321 | D        | Killed a white draconian scorcher
   325 | D        | Learned a level 2 spell: Ensorcelled Hibernation
   426 | D        | Slain by a human

Action                   || total
-------------------------++-------
Melee: Dagger            ||    27
 Cast: Corona            ||     1
       Ensorcelled Hiber ||     3
  Use: Potion            ||     2
 Stab: Sleeping          ||     2
